 Dungeon Crawl Stone Soup version 0.19.1 (webtiles) character file.

870 lorenzova the Thaumaturge (level 7, 0/36 HPs)
             Began as a Deep Elf Wizard on Dec 7, 2016.
             Slain by an iguana (9 damage)
             ... on level 5 of the Dungeon.
             The game lasted 00:08:38 (4181 turns).

lorenzova the Thaumaturge (Deep Elf Wizard)         Turns: 4181, Time: 00:08:39

Health: 0/36       AC:  2    Str:  9    XL:     7   Next: 73%
Magic:  15/21      EV: 13    Int: 25    God:
Gold:   177        SH:  0    Dex: 23    Spells: 3 memorised, 18 levels left

rFire  . . .     SeeInvis .     t - +5 dagger of Turmoil {pierce, Dex+10}
rCold  . . .     Gourm    .     a - +0 robe
rNeg   . . .     Faith    .     (no shield)
rPois  .         Spirit   .     b - +0 hat
rElec  .         Reflect  .     (no cloak)
rCorr  .         Harm     .     (no gloves)
MR     .....                    (no boots)
Stlth  +++.......               (no amulet)
                                (no ring)
                                (no ring)

@: mighty
A: no striking features
a: no special abilities


You were on level 5 of the Dungeon.
You were not hungry.

You visited 1 branch of the dungeon, and saw 5 of its levels.

You collected 177 gold pieces.

Inventory:

Hand Weapons
 t - the +5 dagger of Turmoil (weapon) {pierce, Dex+10}
   (You found it on level 4 of the Dungeon)

   It inflicts extra damage upon your enemies.
   It affects your dexterity (+10).
Armour
 a - a +0 robe (worn)
 b - a +0 hat (worn)
 e - a cursed +0 ring mail
Jewellery
 f - an uncursed amulet of harm
Scrolls
 i - 2 scrolls of magic mapping {unknown}
 k - 3 scrolls of teleportation {unknown}
 l - a scroll of recharging {unknown}
 o - a scroll of fog {unknown}
 s - 3 scrolls of immolation {unknown}
 u - a scroll of remove curse {unknown}
Potions
 j - a potion of magic
 n - a potion of flight
 r - 2 potions of curing
Books
 c - a book of Minor Magic

   Spells                             Type                      Level
   a - Magic Dart                     Conjuration                  1
   b - Blink                          Translocation                2
   c - Call Imp                       Summoning                    2
   d - Repel Missiles                 Charms/Air                   2
   e - Slow                           Hexes                        2
   f - Conjure Flame                  Conjuration/Fire             3
   g - Mephitic Cloud                 Conjuration/Poison/Air       3
Comestibles
 d - 2 bread rations
 m - 2 beef jerkies
 p - a slice of pizza


   Skills:
 - Level 2.4 Dodging
 - Level 2.4 Stealth
 + Level 9.1 Spellcasting
 + Level 6.3 Conjurations
   Level 1.1 Summonings
 + Level 2.1 Translocations
 + Level 1.8 Fire Magic


You had 18 spell levels left.
You knew the following spells:

 Your Spells              Type           Power        Failure   Level  Hunger
a - Magic Dart            Conj           ####         1%          1    None
c - Conjure Flame         Conj/Fire      ####....     3%          3    None
p - Blink                 Tloc           N/A          4%          2    None


Dungeon Overview and Level Annotations

Branches:
Dungeon (5/15)
 Temple: D:4-7

Altars:

Annotations:
D:3 Philosophy's ghost, amateur FoFi


Message History

The magic dart hits the iguana.
The iguana is moderately wounded.
The iguana barely misses you.
Casting: Magic Dart
Confirm with . or Enter, or press ? or * to list all spells.
You don't know that spell.
Sorry, you're not good enough to have a special ability.
There are monsters nearby!
Unknown command.
You feel better.
The iguana bites you but does no damage.
You feel very mighty all of a sudden. The iguana bites you!
* * * LOW HITPOINT WARNING * * *
You feel better. The iguana bites you.
* * * LOW HITPOINT WARNING * * *
You barely miss the iguana.
The iguana is moderately wounded.
The iguana bites you!
You die...

## . #. . ##### .. #.#. #....
.##..# #.### ..... #####.### #..#
# #........ #..####.# #.###.##.
#..Zl@..# ###.###.... ## ##.######
#..#.#####. # #.# #...# #.#.## #.
#.## #.# #...# #.#########
#.#.###.## #...########.###...###
......##.###..............#...#..
......#.>..........#.##^#........
#.##....................#..รท.....
#.....##...........#.##.#.......)


You could see an iguana and a leopard gecko zombie.

Vanquished Creatures
  The ghost of StormySan the Chopper, an amateur MiBe of Trog (D:4)
  A sky beast (D:5)
  2 ogres (D:4)
  2 crimson imps (D:5)
  An orc priest (D:5)
  A bullfrog skeleton (D:4)
  2 orc wizards
  2 worker ants (D:4)
  6 adders
  2 oozes
  An adder zombie (D:5)
  5 worms
  2 dart slugs
  6 leopard geckos
  6 orcs
  A ball python (D:1)
  3 giant cockroaches
  3 goblins
  7 hobgoblins
  7 kobolds
  5 quokkas
  5 bats
  6 frilled lizards
  A leopard gecko skeleton (D:4)
  9 rats
87 creatures vanquished.

Notes
Turn   | Place    | Note
-------+----------+-------------------------------------------
     0 | D:1      | lorenzova the Deep Elf Wizard began the quest for the Orb.
     0 | D:1      | Reached XP level 1. HP: 10/10 MP: 7/7
   291 | D:1      | Reached XP level 2. HP: 14/15 MP: 5/9
   384 | D:1      | Reached skill level 5 in Spellcasting
   784 | D:1      | Reached XP level 3. HP: 19/19 MP: 5/11
   926 | D:1      | Learned a level 2 spell: Blink
  1322 | D:2      | Reached XP level 4. HP: 24/24 MP: 9/13
  1327 | D:2      | Learned a level 3 spell: Conjure Flame
  1498 | D:2      | Reached skill level 6 in Spellcasting
  1889 | D:3      | Noticed Philosophy's ghost (amateur FoFi)
  2528 | D:4      | Got a warped dagger
  2529 | D:4      | Identified the +5 dagger of Turmoil {pierce, Dex+10} (You found it on level 4 of the Dungeon)
  2585 | D:4      | Noticed StormySan's ghost (amateur MiBe)
  2585 | D:4      | Reached XP level 5. HP: 28/28 MP: 8/16
  2832 | D:4      | Noticed an ogre
  2841 | D:4      | Killed an ogre
  2841 | D:4      | Reached skill level 7 in Spellcasting
  2841 | D:4      | Reached XP level 6. HP: 15/32 MP: 4/18
  3236 | D:4      | Reached skill level 5 in Conjurations
  3382 | D:4      | Killed StormySan's ghost
  3382 | D:4      | Reached skill level 8 in Spellcasting
  3382 | D:4      | Reached XP level 7. HP: 36/36 MP: 8/21
  3518 | D:5      | Entered Level 5 of the Dungeon
  3744 | D:5      | Reached skill level 1 in Fire Magic
  4102 | D:5      | Reached skill level 9 in Spellcasting
  4181 | D:5      | Slain by an iguana

Skill      XL: |  1  2  3  4  5  6  7 |
---------------+----------------------+-----
Spellcasting   | 5 6 7 8 9 |  9.1
Conjurations   | 2 3 4 5 6 |  6.3
Fire Magic     | 1 |  1.8
Translocations | 2 |  2.1
Dodging        | |  2.4
Stealth        | |  2.4
Summonings     | |  1.1

Action                   |  1- 3 |  4- 6 |  7- 9 || total
-------------------------+-------+-------+-------++-------
Melee: Unarmed           |       |     1 |       ||     1
       Dagger            |       |       |     2 ||     2
 Cast: Magic Dart        |    84 |   131 |    78 ||   293
       Conjure Flame     |       |     3 |     1 ||     4
  Use: Scroll            |       |       |     4 ||     4
       Potion            |       |       |     3 ||     3
  Eat: Chunk             |     1 |     5 |       ||     6
       Meat ration       |       |       |     1 ||     1
Armor: Robe              |     3 |     1 |     4 ||     8
Dodge: Dodged            |    10 |    16 |    12 ||    38
